 Dungeon Crawl Stone Soup version 0.30.1-3-gfc49f6343a (webtiles) character file.

Game seed: 8138738110644994174

2 javelincjr the Caller (level 1, 0/11 HPs)
             Began as an Octopode Summoner on Aug 8, 2023.
             Slain by a jackal (1 damage)
             ... on level 1 of the Dungeon.
             The game lasted 00:00:29 (48 turns).

javelincjr the Caller (Octopode Summoner)             Turns: 48, Time: 00:00:29

Health: 0/11       AC:  1    Str:  7    XL:     1   Next: 40%
Magic:  1/3        EV: 13    Int: 17    God:
Gold:   18         SH:  0    Dex: 12    Spells: 3/4 levels left

rFire   . . .        (no weapon)
rCold   . . .        (no shield)
rNeg    . . .        (helmet restricted)
rPois   .            (no amulet)
rElec   .            (no ring)
rCorr   .            (no ring)
SInv    .            (no ring)
Will    .....        (no ring)
Stlth   +++          (no ring)
HPRegen 0.21/turn    (no ring)
MPRegen 0.08/turn    (no ring)
                     (no ring)

%: no passive effects
@: no status effects
A: almost no armour, amphibious, 8 rings, camouflage 1, gelatinous body 1,
(nimble swimmer 1), tentacles
a: no special abilities


You were on level 1 of the Dungeon.
You visited 1 branch of the dungeon, and saw 1 of its levels.

You collected 18 gold pieces.

Inventory:

Potions
 a - a potion of magic
 b - a potion of flight {unknown}


   Skills:
 + Level 2.0 Dodging
 + Level 2.8 Stealth
 + Level 2.0 Spellcasting
 + Level 4.0 Summonings


You had 3 spell levels left.
You knew the following spells:

 Your Spells              Type           Power      Damage    Failure   Level
a - Summon Small Mammal   Summ           60%        N/A       3%          1

Your spell library contained the following spells:

 Spells                   Type           Power      Damage    Failure   Level
 Call Imp                 Summ           30%        N/A       5%          2
 Call Canine Familiar     Summ           15%        N/A       11%         3
 Summon Guardian Golem    Hex/Summ       8%         N/A       26%         3
 Summon Lightning Spire   Summ/Air       8%         N/A       63%         4


Dungeon Overview and Level Annotations

Branches:
Dungeon (1/15)

Altars:


Innate Abilities, Weirdness & Mutations

You cannot wear most types of armour.
You are amphibious.
You can wear up to eight rings at the same time.
Your skin changes colour to match your surroundings (Stealth+).
Your rubbery body absorbs attacks. (AC +1, EV +1)
((You are camouflaged when in or above water. (Stealth+)))
You have tentacles for arms and can constrict up to eight enemies at once.


Message History

You are too injured to fight recklessly!
You tentacle-slap the jackal. Your grab misses the jackal.
The jackal is moderately wounded.
The jackal misses you. The jackal barely misses you.
Your quokka closely misses the jackal.
You closely miss the jackal. You grab the jackal. You constrict the jackal.
Your quokka closely misses the jackal.
The jackal misses you. The jackal barely misses your quokka.
The frilled lizard bites your rat.
You tentacle-slap the jackal. You squeeze the jackal.
You kill the jackal!
The jackal bites your quokka.
Your quokka bites the jackal.
The jackal closely misses your quokka. The jackal closely misses you.
The jackal barely misses you.
Your rat closely misses the jackal.
You miss the jackal. You grab the jackal.
The jackal is moderately wounded.
You constrict the jackal, but do no damage.
Your quokka bites the jackal but does no damage.
The jackal misses you. The jackal closely misses you.
The jackal barely misses your quokka.
Your quokka barely misses the jackal.
Your rat barely misses the jackal.
You tentacle-slap the jackal.
The jackal is heavily wounded.
You constrict the jackal, but do no damage.
The jackal closely misses you. The jackal bites you.
* * * LOW HITPOINT WARNING * * *
The jackal bites your quokka.
Your quokka misses the jackal. Something bites your rat.
Your rat dies!
Your rat's corpse disappears in a puff of smoke!
You tentacle-slap the jackal but do no damage.
The jackal is heavily wounded.
You constrict the jackal.
The jackal bites you but does no damage.
The jackal closely misses you.
The jackal bites your quokka but does no damage.
Your quokka closely misses the jackal.
The jackal closely misses your quokka. The jackal bites you.
* * * LOW HITPOINT WARNING * * *
The jackal bites you.
You die...

. #.. ) .. #..
#.##.... #..##
#†.. ..#.# .+..+>
#..# #.#.#..#..##
##.§#.#.#.#..#...#
#..rh #.#.#..#....
##h####......#....
#@h..........##...
######.......##...
#.......###..
#.......####'
#............
#............
#.....#######
#....## ####.#


You could see 3 jackals and a friendly quokka (summoned).

Vanquished Creatures
  A jackal (D:1)
1 creature vanquished.

Vanquished Creatures (collateral kills)
  A hobgoblin (D:1)
1 creature vanquished.

Grand Total: 2 creatures vanquished

Notes
Turn   | Place    | Note
-------+----------+-------------------------------------------
     0 | D:1      | javelincjr the Octopode Summoner began the quest for the
                  | Orb.
     0 | D:1      | Reached XP level 1. HP: 11/11 MP: 3/3
    48 | D:1      | Slain by a jackal

Illustrated notes

Levels and vault maps discovered:
D:1:      dpeg_arrival_refuge, layout_basic, nicolae_ecumenical_lake_church,
          chequers_serial_rivers_small_3

Action                     || total
---------------------------++-------
  Melee: Unarmed           ||     7
         Constrict         ||     2
         Tentacles         ||     1
   Cast: Summon Small Mamm ||     3
 Armour: Skin              ||     1
  Dodge: Dodged            ||    10
